 Dungeon Crawl Stone Soup version 0.30-b1-2-g02819fbbbe (webtiles) character file.

Game seed: 6079256281421649044

39670 night the Grappler (level 13, 0/126 HPs)
             Began as a Troll Fighter on May 11, 2023.
             Was a High Priest of Nemelex Xobeh.
             Slain by a slime creature (8 damage)
             ... on level 13 of the Dungeon.
             The game lasted 00:35:16 (11214 turns).

night the Grappler (Troll Fighter)                 Turns: 11214, Time: 00:35:16

Health: 0/126      AC: 22    Str: 28    XL:     13   Next: 70%
Magic:  17/17      EV:  8    Int:  5    God:    Nemelex Xobeh [*****.]
Gold:   3067       SH: 10    Dex: 12    Spells: 12/12 levels left

rFire   + +          .
                       - Unarmed
rCold   . . .        P - +0 kite shield
rNeg    + + .        b - +6 fire dragon scales of Wuvvokki {rF++ rC- rN+ Dex+2}
rPois   +            (helmet restricted)
rElec   .            x - +2 ratskin cloak {*Rats rPois rN+ Str-1 Int-1 Dex+1}
rCorr   .            (gloves unavailable)
SInv    .            (boots unavailable)
Will    .....        G - amulet of magic regeneration
Stlth   +            (no ring)
HPRegen 1.21/turn    S - ring of protection from cold
MPRegen 0.55/turn

%: no passive effects
@: studying 2 skills
A: large, unfitting armour, claws 3, regeneration 1, shaggy fur 1, tough skin 1
a: Renounce Religion, Draw Escape, Draw Destruction, Draw Summoning, Triple
Draw, Deal Four, Stack Five


You were on level 13 of the Dungeon.
You worshipped Nemelex Xobeh.
Nemelex Xobeh was extremely pleased with you.
You visited 1 branch of the dungeon, and saw 13 of its levels.
You also visited: Sewer and Bailey.

You collected 3067 gold pieces.

Inventory:

Missiles
 h - 105 stones (quivered)
 i - 32 poisoned darts
 y - 6 javelins
 I - 13 large rocks
 K - 3 throwing nets
 N - 2 curare-tipped darts
 O - 13 boomerangs
Armour
 b - the +6 fire dragon scales of Wuvvokki (worn) {rF++ rC- rN+ Dex+2}
   (You acquired it on level 5 of the Dungeon)

   Dex:       It affects your dexterity (+2).
   rF:        It greatly protects you from fire.
   rC:        It makes you vulnerable to cold.
   rN:        It protects you from negative energy.
 t - a +0 troll leather armour {Pargi}
 v - an orb of light
 x - the +2 ratskin cloak (worn) {*Rats rPois rN+ Str-1 Int-1 Dex+1}
   (You found it on level 5 of the Dungeon)

   *Rats:     When the wearer is hurt, rats may emerge from it to assist them.
   Str:       It affects your strength (-1).
   Int:       It affects your intelligence (-1).
   Dex:       It affects your dexterity (+1).
   rPois:     It protects you from poison.
   rN:        It protects you from negative energy.
 P - a +0 kite shield (worn)
Jewellery
 d - a ring of ice
 G - an amulet of magic regeneration (around neck)
 S - a ring of protection from cold (right claw)
Wands
 a - a wand of mindburst (32)
 o - a wand of quicksilver (17)
 C - a wand of flame (20)
 D - a wand of roots (10)
 H - a wand of polymorph (9)
 L - a wand of charming (2)
Scrolls
 f - 3 scrolls of enchant armour
 g - 8 scrolls of teleportation
 j - 2 scrolls of immolation
 l - 6 scrolls of poison
 m - 4 scrolls of fear
 q - 2 scrolls of fog
 s - 2 scrolls of vulnerability
 w - 2 scrolls of brand weapon
 B - 2 scrolls of enchant weapon
 E - 2 scrolls of amnesia
 R - a scroll of blinking {unknown}
Potions
 c - 2 potions of might
 e - 3 potions of attraction
 k - 6 potions of lignification
 n - 4 potions of curing
 p - 3 potions of invisibility
 r - 2 potions of berserk rage
 u - 3 potions of mutation
 z - 2 potions of heal wounds
 A - a potion of magic
 F - a potion of flight
 J - a potion of resistance
 M - 2 potions of brilliance
Miscellaneous
 Q - a lightning rod (4/4)
 T - a phantom mirror


   Skills:
 + Level 7.6 Fighting
 + Level 8.1 Throwing
 + Level 7.8 Armour
 - Level 2.4 Dodging
 - Level 4.1 Stealth
 + Level 8.8 Shields
 * Level 12.9 Unarmed Combat
 + Level 7.6 Invocations


You had 12 spell levels left.
You didn't know any spells.
Your spell library contained the following spells:

 Spells                   Type           Power      Damage    Failure   Level
 Apportation              Tloc           0%         N/A       90%         1
 Necrotise                Necr           0%         1d4       90%         1
 Sting                    Tmut/Pois      0%         1d3       90%         1
 Summon Small Mammal      Summ           0%         N/A       90%         1
 Call Canine Familiar     Summ           0%         N/A       99%         3
 Gell's Gravitas          Tloc           0%         N/A       99%         3
 Portal Projectile        Hex/Tloc       0%         N/A       99%         3
 Teleport Other           Tloc           0%         N/A       99%         3
 Leda's Liquefaction      Hex/Erth       0%         N/A       100%        4
 Dispersal                Tloc           0%         N/A       100%        6


Dungeon Overview and Level Annotations

Branches:
Dungeon (13/15)            Temple (0/1) D:5            Lair (0/5) D:11
    Orc (0/2) D:9           Sewer (visited)          Bailey (visited)
 Vaults: D:13-14

Altars:
Ashenzari
Cheibriados
Fedhas
Kikubaaqudgha
Nemelex Xobeh
Qazlal
Ru
Sif Muna
Trog
Vehumet
Xom
Yredelemnul


Innate Abilities, Weirdness & Mutations

You are too large for most types of armour.
You have claws for hands.
Your natural rate of healing is unusually fast.
You are covered in fur. (AC +1)
You have tough skin. (AC +1)


Message History

You mangle the enormous slime creature!!
The enormous slime creature is moderately wounded.
You mangle the enormous slime creature!!
The enormous slime creature is heavily wounded.
The large slime creature hits you.
You mangle the enormous slime creature!!
The enormous slime creature is heavily wounded.
The large slime creature hits you!!
The enormous slime creature closely misses you.
You claw the enormous slime creature!
The enormous slime creature is heavily wounded.
The large slime creature hits you!!
* * * LOW HITPOINT WARNING * * *
The enormous slime creature barely misses you.
You swap places.
Your river rat barely misses the enormous slime creature.
The large slime creature barely misses your river rat.
The enormous slime creature hits your river rat!!!!
Your river rat dies!
Your river rat bites the large slime creature.
An enormous slime creature splits.
Your river rat barely misses the large slime creature.
The large slime creature barely misses your river rat.
The large slime creature hits your river rat!!
Your river rat dies!
Two slime creatures merge to form an enormous slime creature.
You mangle the large slime creature!!
The large slime creature is moderately wounded.
The large slime creature hits you!!
* * * LOW HITPOINT WARNING * * *
A river rat scurries out from under your cloak.
You mangle the large slime creature!!
The large slime creature is heavily wounded.
A large slime creature splits.
The slime creature hits you!
* * * LOW HITPOINT WARNING * * *
The slime creature attacks as you move away!
The slime creature hits you!
You die...
Your body glows with a rainbow of weird colours and disappears.

.## #.......... ..# ########+##
#.## #####.# #+# #..# #.....#
.. ##.# ####'###### ##.####
##'#### ####.........# .$.....
).....###..'..†?.....# .J.....
).....'...##.....Jr..###...)...
).....######....@J...J.#.......
......# #.........#.........
####### #############.......
....... ....... #######


You could see an enormous slime creature, 2 slime creatures and a friendly river
rat.

Vanquished Creatures
  An orc warlord (Bailey)
  A fire dragon (D:12)
  Harold (D:9)
  4 centaur warriors
  A two-headed ogre (shapeshifter) (D:12)
  6 two-headed ogres
  A deep troll earth mage (D:12)
  A skeletal warrior (D:12)
  3 ugly things
  A deep elf pyromancer (D:12)
  An orc knight (Bailey)
  3 cyclopes
  4 manticores
  3 centaur zombies (D:10)
  2 gargoyles
  2 unseen horrors
  An unseen horror zombie (D:10)
  3 kobold demonologists
  6 trolls
  A hornet (shapeshifter) (D:12)
  A slime creature (D:12)
  A centaur simulacrum (D:12)
  A wyvern (D:8)
  A vampire (D:12)
  A basilisk (D:12)
  3 shadows
  A yak (D:12)
  2 wraiths
  4 vampire mosquitoes (D:12)
  Edmund (D:6)
  An acid dragon (D:13)
  2 water moccasins
  Duvessa (D:5)
  An ice beast (D:7)
  19 orc warriors
  Pargi (Sewer)
  2 black bears (D:11)
  3 ogres
  8 centaurs
  A phantom (D:7)
  6 kobold brigands
  A bullfrog (D:6)
  A necrophage (D:10)
  A gnoll sergeant (D:9)
  2 scorpions
  2 wights (D:10)
  Dowan (D:5)
  18 killer bees
  An electric eel (D:10)
  4 howler monkeys
  2 jellies
  3 orc priests
  3 gnoll boudas
  A hound (D:3)
  A human zombie (D:10)
  2 sleepcaps
  4 iguanas
  4 hell rats (D:5)
  9 orc wizards
  4 mummies (D:10)
  26 gnolls
  22 river rats
  5 adders
  A shadow imp (D:6)
  2 white imps (D:5)
  An ufetubus (D:6)
  3 worms (D:2)
  3 dart slugs
  52 orcs
  5 ball pythons
  6 bats
  3 endoplasms
  4 giant cockroaches
  28 goblins
  9 hobgoblins
  3 jackals (D:1)
  A quokka (D:2)
  2 frilled lizards
  24 kobolds
  9 rats
380 creatures vanquished.

Vanquished Creatures (collateral kills)
  A hydra (D:12)
  An ugly thing (D:12)
  A vampire mosquito (D:12)
  A gnoll sergeant (D:12)
  3 killer bees (D:8)
  A white imp (D:7)
  An ufetubus (D:7)
  An orc (D:9)
10 creatures vanquished.

Vanquished Creatures (others)
  A fungus (D:11)
  4 plants
5 creatures vanquished.

Grand Total: 395 creatures vanquished

Notes
Turn   | Place    | Note
-------+----------+-------------------------------------------
     0 | D:1      | night the Troll Fighter began the quest for the Orb.
     0 | D:1      | Reached XP level 1. HP: 22/22 MP: 0/0
    31 | D:1      | Reached XP level 2. HP: 29/29 MP: 1/1
    89 | D:1      | Found a faded altar of an unknown god.
   102 | D:1      | Got Plato's Disquisition on Pollution
   103 | D:1      | Prayed at the altar of an unknown god.
   103 | D:1      | Became a worshipper of Ashenzari the Shackled
   466 | D:1      | Reached skill level 3 in Unarmed Combat
   466 | D:1      | Reached XP level 3. HP: 30/36 MP: 2/2
   799 | D:2      | Reached skill level 1 in Throwing
   820 | D:2      | Reached * piety under Ashenzari
  1341 | D:3      | Reached XP level 4. HP: 44/45 MP: 1/3
  1341 | D:3      | Reached ** piety under Ashenzari
  1554 | D:3      | Found a radiant altar of Vehumet.
  1605 | D:3      | Reached skill level 4 in Unarmed Combat
  1699 | D:3      | Reached XP level 5. HP: 53/53 MP: 4/4
  1876 | D:4      | Noticed an ogre
  1888 | D:4      | Killed an ogre
  1942 | D:4      | Found a shimmering altar of Xom.
  1962 | D:4      | Found a stormy altar of Qazlal.
  2021 | D:4      | Reached XP level 6. HP: 57/61 MP: 5/5
  2050 | D:4      | Identified a scroll of acquirement
  2178 | D:4      | Found a sparkling altar of Nemelex Xobeh.
  2208 | D:5      | Entered Level 5 of the Dungeon
  2215 | D:5      | Reached skill level 5 in Unarmed Combat
  2242 | D:4      | Fell from the grace of Ashenzari
  2242 | D:4      | Became a worshipper of Nemelex Xobeh the Trickster
  2386 | D:5      | Found a staircase to the Ecumenical Temple.
  2587 | D:5      | Reached skill level 1 in Invocations
  2596 | D:5      | Acquired 1236 gold pieces
  2597 | D:5      | Acquired 792 gold pieces
  2598 | D:5      | Acquired a manual of Stealth
  2602 | D:5      | Acquired the +6 fire dragon scales of Wuvvokki {rF++ rC-
                  | rN+ Dex+2}
  2643 | D:5      | Reached XP level 7. HP: 59/66 MP: 6/6
  2749 | D:5      | Found a shimmering blue altar of Sif Muna.
  2778 | D:5      | Noticed Duvessa
  2782 | D:5      | Noticed Dowan
  2791 | D:5      | Killed Duvessa
  2805 | D:5      | Killed Dowan
  2806 | D:5      | Reached skill level 6 in Unarmed Combat
  2851 | D:5      | You fall into a shaft and drop 2 floors!
  2974 | D:6      | Noticed Edmund
  2992 | D:6      | Killed Edmund
  3023 | D:6      | Was forgiven by Ashenzari
  3164 | D:6      | Reached XP level 8. HP: 74/74 MP: 8/8
  3225 | D:6      | Reached * piety under Nemelex Xobeh
  3261 | D:6      | Found a glowing drain.
  3281 | Sewer    | Entered a sewer
  3315 | Sewer    | Noticed Pargi
  3323 | Sewer    | Killed Pargi
  3324 | Sewer    | Reached skill level 5 in Shields
  3324 | Sewer    | Reached skill level 7 in Unarmed Combat
  3679 | D:5      | Received a gift from Nemelex Xobeh
  3706 | D:5      | Found a bloodstained altar of Trog.
  4372 | D:5      | Found the +2 ratskin cloak {*Rats rPois rN+ Str-1 Int-1
                  | Dex+1}
  4893 | D:7      | Reached skill level 8 in Unarmed Combat
  4920 | D:7      | Found an ancient bone altar of Kikubaaqudgha.
  5007 | D:7      | Reached XP level 9. HP: 80/80 MP: 10/10
  5040 | D:7      | Reached ** piety under Nemelex Xobeh
  5376 | D:7      | Reached skill level 5 in Throwing
  5634 | D:8      | Found a sacrificial altar of Ru.
  5709 | D:8      | Reached skill level 9 in Unarmed Combat
  5886 | D:8      | Found a blossoming altar of Fedhas.
  6008 | D:8      | You fall into a shaft and drop 3 floors!
  6020 | D:11     | Noticed a gargoyle
  6035 | D:11     | Killed a gargoyle
  6036 | D:11     | Reached skill level 5 in Invocations
  6138 | D:11     | Noticed a two-headed ogre
  6144 | D:11     | Killed a two-headed ogre
  6145 | D:11     | Reached skill level 10 in Unarmed Combat
  6145 | D:11     | Reached XP level 10. HP: 22/88 MP: 11/13
  6262 | D:11     | Noticed a soul eater
  6272 | D:11     | Reached skill level 1 in Armour
  6272 | D:11     | Reached skill level 1 in Stealth
  6346 | D:11     | Noticed a cyclops
  6353 | D:11     | Killed a cyclops
  6390 | D:11     | Noticed a centaur warrior
  6398 | D:11     | Killed a centaur warrior
  6491 | D:11     | Found a staircase to the Lair.
  6693 | D:11     | Reached *** piety under Nemelex Xobeh
  6724 | D:11     | Noticed a two-headed ogre
  6732 | D:11     | Killed a two-headed ogre
  6835 | D:11     | Noticed a two-headed ogre
  6843 | D:11     | Killed a two-headed ogre
  6882 | D:10     | Entered Level 10 of the Dungeon
  7319 | D:10     | Found a basalt altar of Yredelemnul.
  7346 | D:10     | Reached XP level 11. HP: 94/101 MP: 14/14
  7384 | D:10     | Reached skill level 5 in Fighting
  7464 | D:10     | Received a gift from Nemelex Xobeh
  7741 | D:9      | Noticed Harold
  7760 | D:9      | Identified the +6 rapier of Exchange {spect, rPois Will-
                  | Int+5}
  7761 | D:9      | Killed Harold
  7766 | D:9      | Found a broken altar of Ashenzari.
  7771 | D:9      | Noticed a centaur warrior
  7789 | D:9      | Killed a centaur warrior
  7807 | D:9      | Reached skill level 11 in Unarmed Combat
  7929 | D:9      | Found a flagged portal.
  7957 | Bailey   | Entered a bailey
  8044 | Bailey   | Reached **** piety under Nemelex Xobeh
  8067 | Bailey   | Noticed an orc knight
  8090 | Bailey   | Killed an orc knight
  8224 | Bailey   | Noticed an orc warlord
  8279 | Bailey   | Killed an orc warlord
  8382 | D:9      | Reached XP level 12. HP: 111/111 MP: 15/15
  8433 | D:9      | Found a snail-covered altar of Cheibriados.
  8473 | D:9      | Received a gift from Nemelex Xobeh
  8600 | D:9      | Found a staircase to the Orcish Mines.
  9215 | D:8      | Received a gift from Nemelex Xobeh
  9688 | D:12     | Noticed a two-headed ogre
  9693 | D:12     | Killed a two-headed ogre
  9694 | D:12     | Reached XP level 13. HP: 120/120 MP: 17/17
  9947 | D:12     | Reached skill level 12 in Unarmed Combat
 10043 | D:12     | Noticed a fire dragon
 10057 | D:12     | Killed a fire dragon
 10614 | D:13     | Reached ***** piety under Nemelex Xobeh
 11015 | D:13     | Received a gift from Nemelex Xobeh
 11214 | D:13     | Slain by a slime creature

Illustrated notes

Levels and vault maps discovered:
D:1:      scummos_arrival_simple_fountains, layout_loops_cross,
          shapermc_ecumenical_altar_rom_forum, hangedman_decor_push,
          minmay_pentomino_u2
D:2:      layout_rooms, minmay_misc_feat_diagonals
D:3:      layout_rooms, vehumet_crystals, serial_forest,
          infiniplex_forest_clump_tiny, infiniplex_forest_fountain,
          infiniplex_forest_clump_small, infiniplex_forest_lined_room_3,
          infiniplex_forest_clump_tiny, infiniplex_forest_clump_large,
          infiniplex_forest_corner_2
D:4:      layout_rooms, old_standard_altar, nicolae_overflow_hidden_temple,
          nemelex_xobeh_ov_fountains_minmay, mainiacjoe_overflow_paths
D:5:      wander_guarded_unrand_ratskin, layout_layer_cave, bloody_trog,
          mainiacjoe_overflow_alcove_4, minmay_temple_entry_tees,
          minmay_curled_crystal, uniq_duvessa
D:6:      nicolae_cairo_tiling, layout_basic, portal_sewer_entry_c, uniq_edmund
D:7:      layout_loops_ring, old_standard_altar, serial_rivers,
          chequers_serial_rivers_micro_a, chequers_serial_rivers_marsh,
          chequers_serial_rivers_marsh, chequers_serial_rivers_room_a
D:8:      layout_cave_pools, mainiacjoe_overflow_small_starburst,
          mainiacjoe_overflow_concentric_impassable, minmay_manual_moon
D:9:      layout_small_grid, mainiacjoe_overflow_boulevard,
          evilmike_ruin_ashenzari, hiddenorc2_lemuel, enter_bailey_5,
          uniq_harold
D:10:     layout_basic, lemuel_mausoleum_altar_yredelemnul
D:11:     layout_rooms, grunt_lair_entry_orc_guard_hut, grunt_ogre_cave,
          nicolae_eternal_life, grunt_ministairs_4
D:12:     nicolae_aperiodic_l_corner, layout_basic
D:13:     layout_roguey, kennysheep_generic_room_14

Skill      XL: |  1  2  3  4  5  6  7  8  9 10 11 12 13 |
---------------+----------------------------------------+-----
Shields        | 3 4 5 7 8 |  8.8
Unarmed Combat | 3 4 5 6 8 10 11 12 | 12.9
Throwing       | 1 2 3 4 6 7 8 |  8.1
Invocations    | 1 2 3 5 6 7 |  7.6
Armour         | 3 6 7 |  7.8
Stealth        | 4 |  4.1
Fighting       | 4 5 6 7 |  7.6
Dodging        | |  2.4

Action                     |  1- 3 |  4- 6 |  7- 9 | 10-12 | 13-15 || total
---------------------------+-------+-------+-------+-------+-------++-------
  Melee: Unarmed           |   114 |    99 |   376 |   428 |   234 ||  1251
         Punch             |       |     3 |    10 |    20 |       ||    33
  Throw: Dart              |       |     3 |     1 |       |       ||     4
         Stone             |       |     1 |       |       |       ||     1
         Large rock        |       |       |       |     5 |       ||     5
         Boomerang         |       |       |       |     1 |       ||     1
 Invoke: Curse Item        |     2 |     1 |       |       |       ||     3
         Draw Destruction  |       |       |     1 |     1 |       ||     2
         Draw Escape       |       |       |     1 |       |       ||     1
         Draw Summoning    |       |       |       |     2 |     1 ||     3
  Evoke: Wand              |       |       |     2 |     2 |       ||     4
    Use: Scroll            |       |     4 |     4 |    10 |       ||    18
         Potion            |       |       |       |     1 |       ||     1
 Armour: Robe              |    30 |     8 |       |       |       ||    38
         Fire dragon scale |       |     6 |   294 |   284 |   153 ||   737
         Skin              |       |     4 |       |       |       ||     4
  Dodge: Dodged            |    29 |    33 |   173 |   136 |    59 ||   430
  Block: Kite shield       |    38 |     8 |       |    28 |   112 ||   186
